 Dungeon Crawl Stone Soup version 0.29.0-5-ge4962eb29e (webtiles) character file.

Game seed: 11507309355847846460

2 sentinel the Digger (level 1, -3/14 HPs)
             Began as a Meteoran Earth Elementalist on Aug 29, 2022.
             Slain by a hobgoblin (4 damage)
             ... on level 1 of the Dungeon.
             The game lasted 00:00:10 (37 turns).

sentinel the Digger (Meteoran Earth Elementalist)     Turns: 37, Time: 00:00:11

Health: -3/14      AC:  2    Str:  9    XL:     1   Next: 42%
Magic:  1/5        EV:  9    Int: 16    God:
Gold:   0          SH:  0    Dex: 14    Spells: 4/5 levels left

rFire   . . .      SeeInvis .   (no weapon)
rCold   . . .      Faith    .   (no shield)
rNeg    . . .      Spirit   .   a - +0 robe
rPois   .          Reflect  .   (no helmet)
rElec   .          Harm     .   (no cloak)
rCorr   .          Rampage  .   (no gloves)
Will    .....                   (no boots)
Stlth   +.........              (no amulet)
HPRegen 0.04/turn               (no ring)
MPRegen 0.09/turn               (no ring)

@: glowing, constricted
A: sense surroundings 1, otherworldly, glowing, explore regen
a: no special abilities


You were on level 1 of the Dungeon.
You visited 1 branch of the dungeon, and saw 2 of its levels.

Inventory:

Armour
 a - a +0 robe (worn)
Scrolls
 c - a scroll of identify {unknown}
Potions
 b - a potion of magic


   Skills:
 - Level 2.4 Dodging
 - Level 1.4 Stealth
 - Level 2.6 Spellcasting
 - Level 1.2 Transmutations
 + Level 3.8 Earth Magic


You had 4 spell levels left.
You knew the following spells:

 Your Spells              Type           Power      Damage    Failure   Level
a - Sandblast             Erth           28%        2d8       4%          1

Your spell library contained the following spells:

 Spells                   Type           Power      Damage    Failure   Level
 Passwall                 Tmut/Erth      8%         N/A       11%         2
 Stone Arrow              Conj/Erth      16%        3d8       26%         3
 Petrify                  Tmut/Erth      10%        N/A       56%         4


Dungeon Overview and Level Annotations

Branches:
Dungeon (2/15) Zot: 1159

Altars:


Innate Abilities, Weirdness & Mutations

You passively map a small area around you.
You are easily found by Zot.
You glow in the dark.
You regain HP and MP as you explore.


Message History

Welcome, sentinel the Meteoran Earth Elementalist.
Everyone else who sought the Orb of Zot has failed.
Will you be different?
Press ? for a list of commands and other information.
Found 9 gold pieces.
Found a staircase leading out of the dungeon.
Found a stone staircase leading down.
You enter the shallow water.
Moving in this stuff is going to be slow.
c - a scroll labelled VOM VOFELUECUTZAG
There is a stone staircase leading down here.
You climb downwards.
The endoplasm quivers.
The hobgoblin shouts! x3
Found three items.
Found a stone staircase leading up.
There is a stone staircase leading up here.
The blast of sand hits the hobgoblin but does no damage.
The ball python hisses angrily.
A kobold comes into view. It is wielding a +0 short sword.
The blast of sand hits the hobgoblin!
You kill the hobgoblin!
The kobold shouts!
The bat closely misses you.
A ball python comes into view.
The frilled lizard bites you.
The blast of sand hits the frilled lizard.
You kill the frilled lizard!
The ball python hisses angrily.
The bat closely misses you.
A hobgoblin comes into view.
The ball python barely misses you. The ball python closely misses you.
The endoplasm freezes you.
You are frozen.
The hobgoblin hits you.
* * * LOW HITPOINT WARNING * * *
The bat hits you but does no damage.
You climb upwards.
There is a stone staircase leading down here.
You are too injured to fight recklessly!
Casting: Sandblast (safe; 4% risk of failure)
Confirm with . or Enter, or press ? or * to list all spells.
Aiming: Sandblast (safe; 4% risk of failure)
Press: ? - help, Shift-Dir - straight line, f - endoplasm
Aim: an endoplasm (98% to hit)
The blast of sand hits the endoplasm!
You kill the endoplasm!
The ball python bites you.
* * * LOW HITPOINT WARNING * * *
The ball python barely misses you. The hobgoblin barely misses you.
The ball python barely misses you. The ball python grabs you.
The ball python constricts you. The hobgoblin hits you.
You die...

###########
#<......S@# *
#........g# *
**#.........#
~~ #.........#
~≈ #.........#
*≈≈#...$.....#
≈≈≈~........#
#≈~~~~~.~...#
##≈≈≈≈~.~~~~###


You could see a hobgoblin and a ball python.

Vanquished Creatures
  An endoplasm (D:1)
  A hobgoblin (D:2)
  A frilled lizard (D:2)
3 creatures vanquished.

Notes
Turn   | Place    | Note
-------+----------+-------------------------------------------
     0 | D:1      | sentinel the Meteoran Earth Elementalist began the quest
                  | for the Orb.
     0 | D:1      | Reached XP level 1. HP: 14/14 MP: 5/5
    37 | D:1      | Slain by a hobgoblin

Illustrated notes

Levels and vault maps discovered:
D:1:      lemuel_arrival_river_bridge, layout_loops_ring
D:2:      minmay_recursive_quarters, layout_loops_ring,
          minmay_goblin_kobold_house

Action                   || total
-------------------------++-------
 Cast: Sandblast         ||     4
Armor: Robe              ||     1
Dodge: Dodged            ||     7
